 Dungeon Crawl Stone Soup version 0.22.1-2-g9c5b331 (webtiles) character file.

1141 Lilu the Conjurer (level 8, 0/45 HPs)
             Began as a Deep Elf Conjurer on Nov 12, 2018.
             Was a Follower of Vehumet.
             Slain by a sky beast (5 damage)
             ... on level 5 of the Dungeon.
             The game lasted 00:16:07 (7566 turns).

Lilu the Conjurer (Deep Elf Conjurer)               Turns: 7566, Time: 00:16:08

Health: 0/45       AC:  4    Str:  5    XL:     8   Next: 14%
Magic:  4/20       EV: 11    Int: 23    God:    Vehumet [*.....]
Gold:   275        SH:  7    Dex: 15    Spells: 18/21 levels left

rFire    . . .     SeeInvis .   q - +2 spear (freeze)
rCold    . . .     Gourm    .   u - +0 shield
rNeg     . . .     Faith    .   g - +0 leather armour
rPois    .         Spirit   .   (no helmet)
rElec    .         Reflect  .   z - +0 cloak
rCorr    .         Harm     .   (no gloves)
MR       .....                  (no boots)
Stlth    ++........             (no amulet)
HPRegen  0.15/turn              j - ring of wizardry
MPRegen  0.17/turn              (no ring)

@: no status effects
A: no striking features
a: Renounce Religion


You were on level 5 of the Dungeon.
You worshipped Vehumet.
Vehumet was aware of your devotion.
You were hungry.

You visited 2 branches of the dungeon, and saw 7 of its levels.

You collected 275 gold pieces.

Inventory:

Hand Weapons
 d - a +0 hunting sling
 q - a +2 spear of freezing (weapon)
 w - a +1 long sword of distortion
Missiles
 h - 92 stones (quivered)
 n - 56 sling bullets
Armour
 g - a +0 leather armour (worn)
 u - a +0 shield (worn)
 z - a +0 cloak (worn)
 C - a +1 scale mail of positive energy
Jewellery
 j - a ring of wizardry (left hand)
Wands
 y - a wand of iceblast (7)
Scrolls
 a - 3 scrolls of amnesia {unknown}
 b - 2 scrolls of fog
 e - 9 scrolls of identify
 i - 4 scrolls of teleportation
 l - 3 scrolls of fear {unknown}
 m - 3 scrolls of magic mapping {unknown}
 o - a scroll of remove curse
 t - a scroll of random uselessness {unknown}
 v - a scroll of enchant weapon {unknown}
 x - a scroll of immolation {unknown}
Potions
 f - a potion of haste {unknown}
 k - a potion of invisibility {unknown}
 p - a potion of agility {unknown}
 r - 2 potions of heal wounds {unknown}
 s - a potion of ambrosia {unknown}
 A - 2 potions of curing {unknown}
Comestibles
 c - 8 rations


   Skills:
 + Level 2.5 Fighting
 - Level 0.2 Armour
 + Level 4.9 Dodging
 - Level 3.0 Stealth
 + Level 2.0 Shields
 * Level 7.0 Spellcasting
 * Level 7.7 Conjurations


You had 18 spell levels left.
You knew the following spells:

 Your Spells              Type           Power        Failure   Level  Hunger
a - Magic Dart            Conj           ####         1%          1    None
b - Searing Ray           Conj           #####.       1%          2    None

Your spell library contained the following spells:

 Spells                   Type           Power        Failure   Level  Hunger
 Sandblast                Erth           #.....       26%         1    None
 Iskenderun's Mystic Bla  Conj           #####...     12%         4    ###....
 Dazzling Spray           Conj/Hex       ####..       16%         3    None
 Force Lance              Conj/Tloc      ####....     45%         4    ###....
 Fulminant Prism          Conj/Hex       ####......   45%         4    ###....


Dungeon Overview and Level Annotations

Branches:
Dungeon (6/15)             Temple (1/1) D:4

Altars:
Cheibriados
Fedhas
Hepliaklqana
Kikubaaqudgha
Nemelex Xobeh
Okawaru
Ru
Trog
Uskayaw
Vehumet
Xom
Zin
The Shining One

Shops:
D:6 *}*}*

Annotations:
D:5 1 runed door, exclusion: door, Paps's ghost, amateur DsFi


Message History

The searing ray hits the sky beast.
The sky beast is moderately wounded. (Press . to maintain the ray.)
The sky beast flickers out of sight!
Deactivating autopickup; reactivate with Ctrl-A.
Something hits you.
* * * LOW HITPOINT WARNING * * *
Something shocks you.
* * * LOW HITPOINT WARNING * * *
The searing ray hits something.
A sky beast appears from thin air!
Reactivating autopickup.
You block the sky beast's attack.
The searing ray misses the sky beast.
The sky beast hits you but does no damage.
The searing ray hits the sky beast.
The sky beast is almost dead.
You finish channeling your searing ray.
The sky beast hits you.
* * * LOW HITPOINT WARNING * * *
The sky beast shocks you.
You die...

#.#####..#......#⌠..♣...+.##.....
#.##.......###..##..!..##.##.....
#.##...###.####..##...##..###....
#..'...'..........##⌠##...# ##...
####...####.####...###..#.# #...
...'.........# #.......##.####...
####...#.....###.................
#...#..............###.####'##
#...#.....##.@Y....+.#.##.....
#####.....##.......#.#........
#.....##...........##.....
#.....##............'.....
######.....##.......#.#.##.....
#...................#.#.####.##
#.#####.#####...#'###.#.# #.# #.#
#.# #...#.# #.#.# #.# #.# #.#
#...#.# #.#.# #.#


You could see a sky beast.

Vanquished Creatures
  Grinder (D:5)
  A sky beast (D:5)
  A black bear (D:6)
  Blork the orc (D:5)
  A howler monkey (D:4)
  A bullfrog zombie (D:6)
  An orc priest (D:5)
  A centaur skeleton (D:4)
  A jelly (D:5)
  2 hounds
  4 orc wizards
  2 iguanas
  2 worker ants
  2 hound skeletons (D:5)
  A worker ant zombie (D:6)
  3 gnolls (D:3)
  A howler monkey skeleton (D:5)
  5 adders
  2 oozes
  An adder zombie (D:5)
  An adder skeleton (D:4)
  4 worms
  A dart slug (D:1)
  7 leopard geckos
  10 orcs
  3 giant cockroaches (D:2)
  12 goblins
  8 hobgoblins
  16 jackals
  2 quokkas
  A ball python (D:1)
  4 bats
  8 frilled lizards
  8 kobolds
  A quokka zombie (D:5)
  4 rats
124 creatures vanquished.

Notes
Turn   | Place    | Note
-------+----------+-------------------------------------------
     0 | D:1      | Lilu the Deep Elf Conjurer began the quest for the Orb.
     0 | D:1      | Reached XP level 1. HP: 10/10 MP: 6/6
   143 | D:1      | Reached XP level 2. HP: 15/15 MP: 4/8
   521 | D:1      | Reached skill level 5 in Conjurations
   910 | D:1      | Reached XP level 3. HP: 19/19 MP: 6/9
  1106 | D:2      | Found a sacrificial altar of Ru.
  1181 | D:2      | Found a bloodstained altar of Trog.
  1671 | D:2      | Reached XP level 4. HP: 24/24 MP: 2/11
  2601 | D:3      | Found a snail-covered altar of Cheibriados.
  2813 | D:3      | Reached XP level 5. HP: 13/28 MP: 10/13
  3734 | D:4      | Found a staircase to the Ecumenical Temple.
  3805 | Temple   | Entered the Ecumenical Temple
  3877 | Temple   | Became a worshipper of Vehumet
  4000 | D:4      | Reached skill level 1 in Fighting
  4006 | D:4      | Learned a level 2 spell: Searing Ray
  4656 | D:4      | Reached XP level 6. HP: 34/34 MP: 9/15
  5093 | D:5      | Entered Level 5 of the Dungeon
  5313 | D:5      | Reached skill level 5 in Spellcasting
  5354 | D:5      | Noticed Paps's ghost (amateur DsFi)
  5357 | D:5      | Found a runed door.
  5812 | D:5      | Found a blossoming altar of Fedhas.
  6080 | D:5      | Noticed Grinder
  6100 | D:5      | Reached XP level 7. HP: 32/39 MP: 9/17
  6107 | D:5      | Killed Grinder
  6107 | D:5      | Reached * piety under Vehumet
  6107 | D:5      | Offered knowledge of Sandblast by Vehumet.
  6107 | D:5      | Reached skill level 1 in Shields
  6232 | D:5      | Noticed Blork the orc
  6239 | D:5      | Killed Blork the orc
  6783 | D:6      | Reached XP level 8. HP: 30/45 MP: 14/20
  6983 | D:6      | Found Mef Ippesh's Assorted Antiques.
  7120 | D:6      | Found a sparkling altar of Nemelex Xobeh.
  7203 | D:6      | Found Taisanlajeo's Assorted Antiques.
  7276 | D:6      | Found Zinawifa's Gadget Emporium.
  7515 | D:6      | Found Leudgh's Gadget Shoppe.
  7515 | D:6      | Found Muaxarghe's General Store.
  7566 | D:5      | Slain by a sky beast

Skill      XL: |  1  2  3  4  5  6  7  8 |
---------------+-------------------------+-----
Conjurations   | 5 6 7 |  7.7
Spellcasting   | 4 5 6 7 |  7.0
Stealth        | 3 |  3.0
Dodging        | 3 4 |  4.9
Fighting       | 1 2 |  2.5
Shields        | 1 2 |  2.0
Armour         | |  0.2

Action                   |  1- 3 |  4- 6 |  7- 9 || total
-------------------------+-------+-------+-------++-------
Melee: Dagger            |     5 |       |       ||     5
       Spear             |       |   132 |    40 ||   172
 Cast: Magic Dart        |    77 |    84 |     9 ||   170
       Searing Ray       |       |    13 |    10 ||    23
  Use: Scroll            |       |     5 |       ||     5
 Stab: Sleeping          |       |     6 |     3 ||     9
  Eat: Chunk             |     1 |    15 |       ||    16
       Ration            |       |       |     1 ||     1
Armor: Leather armour    |     6 |    18 |    14 ||    38
       Robe              |       |    12 |       ||    12
Dodge: Dodged            |    13 |    89 |    26 ||   128
Block: Shield            |       |     9 |    10 ||    19
